BSA
SO CAL BRUINS @ BAFFIN ISLAND BEAVERS
03/19/2029
 
TOP OF THE 1ST
So Cal Bruins batting - Pitching for Baffin Island Beavers : RHP Jesse Little
Pitching: RHP Jesse Little
Batting: LHB Chris Bates 0-0: Ball
1-0: Fly out, F8 (Flyball, 8RD)
Batting: LHB Jesús Campos 0-0: Ball
1-0: Ball
2-0: Foul Ball, location: 2F
2-1: Ball
3-1: Foul Ball, location: 2F
3-2: SOLO HOME RUN (Flyball, 9LD), Distance : 351 ft
Batting: RHB Earl Wiggins 0-0: Ball
1-0: Called Strike
1-1: SINGLE (Flyball, 9S)
Batting: LHB Patrick Osborne 0-0: Ball
1-0: Fielders Choice at 2nd, 3-6 (Groundball, 34)
Batting: RHB Rubén Calderón 0-0: Foul Ball, location: 2F
0-1: SINGLE (Flyball, 78S)
Patrick Osborne to second
Batting: LHB Jeff Carter 0-0: Called Strike
0-1: Ball
1-1: Swinging Strike
1-2: Fly out, F8 (Flyball, 8RXD)
Top of the 1st over - 1 run, 3 hits, 0 errors, 2 left on base; So Cal 1 - Baffin Island 0
BOTTOM OF THE 1ST
Baffin Island Beavers batting - Pitching for So Cal Bruins : RHP Jeffrey King
Pitching: RHP Jeffrey King
Batting: LHB Norberto Muńóz 0-0: Foul Ball, location: 2F
0-1: Swinging Strike
0-2: Ball
1-2: Fly out, F4 (Line Drive, 4MD)
Batting: RHB Tony Morton 0-0: Foul Ball, location: 2F
0-1: Foul Ball, location: 2F
0-2: Strikes out swinging
Batting: RHB Dave Craig 0-0: Ball
1-0: Ball
2-0: Ball
3-0: Fly out, F9 (Flyball, 9)
Bottom of the 1st over - 0 runs, 0 hits, 0 errors, 0 left on base; So Cal 1 - Baffin Island 0
TOP OF THE 2ND
So Cal Bruins batting - Pitching for Baffin Island Beavers : RHP Jesse Little
Batting: RHB Lawrence Schroeder 0-0: Ball
1-0: Ball
2-0: Called Strike
2-1: Fly out, F9 (Flyball, 9D)
Batting: SHB Ken Hernández 0-0: SOLO HOME RUN (Flyball, 7D), Distance : 400 ft
Batting: RHB Gerardo Escobedo 0-0: Called Strike
0-1: Fly out, F8 (Flyball, 8LM)
Batting: LHB Chris Bates 0-0: Foul Ball, location: 2F
0-1: TRIPLE (Line Drive, 9D)
Batting: LHB Jesús Campos 0-0: Ball
1-0: Called Strike
1-1: Ball
2-1: Ball
3-1: Foul Ball, location: 2F
3-2: Foul Ball, location: 2F
3-2: Base on Balls
Batting: RHB Earl Wiggins 0-0: Ball
1-0: Ball
2-0: Called Strike
2-1: Foul Ball, location: 2F
2-2: Foul Ball, location: 2F
2-2: Foul Ball, location: 2F
2-2: 3-RUN HOME RUN (Flyball, 7LD), Distance : 348 ft
Pitching: RHP Beau Brown
Batting: LHB Patrick Osborne 0-0: Called Strike
0-1: Called Strike
0-2: SINGLE (Flyball, 78M)
Batting: RHB Rubén Calderón 0-0: Foul Ball, location: 2F
0-1: Ball
1-1: Foul Ball, location: 2F
1-2: Foul Ball, location: 2F
1-2: Fly out, F8 (Flyball, 8LXD)
Top of the 2nd over - 4 runs, 4 hits, 0 errors, 1 left on base; So Cal 5 - Baffin Island 0
BOTTOM OF THE 2ND
Baffin Island Beavers batting - Pitching for So Cal Bruins : RHP Jeffrey King
Batting: LHB Lorenzo Villa 0-0: Fly out, F8 (Flyball, 8LM)
Batting: RHB José García 0-0: Ball
1-0: Ball
2-0: Ball
3-0: Base on Balls
Batting: LHB Howard Evans 0-0: Ball
1-0: Fly out, F8 (Flyball, 78M)
Batting: RHB Felipe Rivera 0-0: Ball
José García steals 2nd base
1-0: Fly out, F4 (Popup, 4MD)
Bottom of the 2nd over - 0 runs, 0 hits, 0 errors, 1 left on base; So Cal 5 - Baffin Island 0
TOP OF THE 3RD
So Cal Bruins batting - Pitching for Baffin Island Beavers : RHP Beau Brown
Batting: LHB Jeff Carter 0-0: Called Strike
0-1: Foul Ball, location: 2F
0-2: Ball
1-2: Ball
2-2: Ball
3-2: Base on Balls
Batting: RHB Lawrence Schroeder 0-0: Called Strike
0-1: Ball
1-1: Fly out, F7 (Flyball, 78S)
Batting: SHB Ken Hernández 0-0: Foul Ball, location: 2F
0-1: Ball
1-1: Grounds into double play, 4-6-3 (Groundball, 4)
Top of the 3rd over - 0 runs, 0 hits, 0 errors, 0 left on base; So Cal 5 - Baffin Island 0
BOTTOM OF THE 3RD
Baffin Island Beavers batting - Pitching for So Cal Bruins : RHP Jeffrey King
Batting: RHB Pedro Molina 0-0: Fly out, F7 (Flyball, 7D)
Batting: RHB Jonathan MacVey 0-0: Called Strike
0-1: Called Strike
0-2: Ball
1-2: Ball
2-2: Ball
3-2: Strikes out swinging
Batting: LHB Norberto Muńóz 0-0: Called Strike
0-1: Ground out 1-3 (Groundball, 15)
Bottom of the 3rd over - 0 runs, 0 hits, 0 errors, 0 left on base; So Cal 5 - Baffin Island 0
TOP OF THE 4TH
So Cal Bruins batting - Pitching for Baffin Island Beavers : RHP Beau Brown
Batting: RHB Gerardo Escobedo 0-0: Foul Ball, location: 2F
0-1: Ball
1-1: SOLO HOME RUN (Flyball, 7D), Distance : 378 ft
Batting: LHB Chris Bates 0-0: Called Strike
0-1: Fly out, F9 (Flyball, 89M)
Batting: LHB Jesús Campos 0-0: Ball
1-0: Ball
2-0: Called Strike
2-1: Ball
3-1: Foul Ball, location: 2F
3-2: Strikes out swinging
Batting: RHB Earl Wiggins 0-0: Foul Ball, location: 2F
0-1: Swinging Strike
0-2: Ball
1-2: Ball
2-2: Ball
3-2: Strikes out swinging
Top of the 4th over - 1 run, 1 hit, 0 errors, 0 left on base; So Cal 6 - Baffin Island 0
BOTTOM OF THE 4TH
Baffin Island Beavers batting - Pitching for So Cal Bruins : RHP Jeffrey King
Batting: RHB Tony Morton 0-0: Called Strike
0-1: Foul Ball, location: 2F
0-2: Foul Ball, location: 2F
0-2: Ball
1-2: Ground out 6-3 (Groundball, 6S)
Batting: RHB Dave Craig 0-0: Swinging Strike
0-1: Ball
1-1: Ball
2-1: Foul Ball, location: 2F
2-2: Foul Ball, location: 2F
2-2: Ball
3-2: DOUBLE (Line Drive, 7LS)
Batting: LHB Lorenzo Villa 0-0: Ball
1-0: Ball
2-0: Called Strike
2-1: Fly out, F7 (Line Drive, 7)
Batting: RHB José García 0-0: Ball
1-0: Ground out 1-3 (Groundball, 13S)
Bottom of the 4th over - 0 runs, 1 hit, 0 errors, 1 left on base; So Cal 6 - Baffin Island 0
TOP OF THE 5TH
So Cal Bruins batting - Pitching for Baffin Island Beavers : RHP Beau Brown
Batting: LHB Patrick Osborne 0-0: Ball
1-0: Called Strike
1-1: SINGLE (Flyball, 7S)
Batting: RHB Rubén Calderón 0-0: SINGLE (Groundball, 6MD)
Patrick Osborne to second
Runner from 2nd tries for 3rd, SAFE, no throw
Batting: LHB Jeff Carter 0-0: Ball
1-0: Called Strike
1-1: Fly out, F8 (Flyball, 8RS)
Runner from 3rd tags up, SCORES, no throw
Batting: RHB Lawrence Schroeder 0-0: Foul Ball, location: 2F
0-1: Ball
1-1: Swinging Strike
1-2: 2-RUN HOME RUN (Line Drive, 78XD), Distance : 422 ft
Batting: SHB Ken Hernández 0-0: Ball
1-0: Foul Ball, location: 2F
1-1: Ball
2-1: Foul Ball, location: 2F
2-2: Ground out U3 (Groundball, 3)
Batting: RHB Gerardo Escobedo 0-0: Swinging Strike
0-1: Ball
1-1: Ball
2-1: Foul Ball, location: 2F
2-2: Ground out 1-3 (Groundball, 13)
Top of the 5th over - 3 runs, 3 hits, 0 errors, 0 left on base; So Cal 9 - Baffin Island 0
BOTTOM OF THE 5TH
Baffin Island Beavers batting - Pitching for So Cal Bruins : RHP Jeffrey King
Pitching: RHP Marty Burgess
Batting: LHB Howard Evans 0-0: Ball
1-0: Foul Ball, location: 2F
1-1: Foul Ball, location: 2F
1-2: Ball
2-2: Ball
3-2: SINGLE (Groundball, 4MD)
Batting: RHB Felipe Rivera 0-0: Foul Ball, location: 2F
0-1: Fielders Choice at 2nd, 6-4 (Groundball, 6)
Batting: RHB Pedro Molina 0-0: Fly out, F7 (Flyball, 7LM)
Batting: RHB Jonathan MacVey 0-0: Ball
1-0: Called Strike
1-1: SINGLE (Groundball, 56D)
Felipe Rivera to second
Batting: LHB Norberto Muńóz 0-0: Swinging Strike
0-1: Ball
1-1: Foul Ball, location: 2F
1-2: Foul Ball, location: 2F
1-2: Ground out U3 (Groundball, 34)
Bottom of the 5th over - 0 runs, 2 hits, 0 errors, 2 left on base; So Cal 9 - Baffin Island 0
TOP OF THE 6TH
So Cal Bruins batting - Pitching for Baffin Island Beavers : RHP Beau Brown
Pinch Hitting: LHB Sammy Marshall 0-0: Swinging Strike
0-1: Called Strike
0-2: Foul Ball, location: 2F
0-2: Fly out, F4 (Line Drive, 4)
Pinch Hitting: RHB Javier Deleón 0-0: Ball
1-0: Called Strike
1-1: Ball
2-1: Ball
3-1: SINGLE (Groundball, 4MD)
Pitching: RHP Luis Féliz
Batting: RHB Earl Wiggins 0-0: Ball
1-0: Ball
2-0: Foul Ball, location: 2F
2-1: 2-RUN HOME RUN (Flyball, 7LD), Distance : 344 ft
Pinch Hitting: RHB Eugene Gill 0-0: Ball
1-0: Called Strike
1-1: Called Strike
1-2: Fly out, F8 (Flyball, 8RS)
Batting: RHB Rubén Calderón 0-0: Called Strike
0-1: Foul Ball, location: 2F
0-2: Ball
1-2: Fly out, F9 (Flyball, 9)
Top of the 6th over - 2 runs, 2 hits, 0 errors, 0 left on base; So Cal 11 - Baffin Island 0
BOTTOM OF THE 6TH
Baffin Island Beavers batting - Pitching for So Cal Bruins : RHP Marty Burgess
Now in LF: Sammy Marshall
Now in CF: Eugene Gill
Now in RF: Ricardo Guzmán
Batting: RHB Tony Morton 0-0: Foul Ball, location: 2F
0-1: Foul Ball, location: 2F
0-2: Fly out, F8 (Line Drive, 8LD)
Batting: RHB Dave Craig 0-0: Called Strike
0-1: Foul Ball, location: 2F
0-2: Fly out, F7 (Flyball, 7S)
Batting: LHB Lorenzo Villa 0-0: Ball
1-0: Called Strike
1-1: Called Strike
1-2: Ball
2-2: Ball
3-2: Base on Balls
Batting: RHB José García 0-0: Ball
1-0: Ball
2-0: Foul Ball, location: 2F
2-1: Ball
3-1: Base on Balls
Lorenzo Villa to second
Batting: LHB Howard Evans 0-0: Ball
1-0: Called Strike
1-1: Fly out, F7 (Flyball, 7LM)
Bottom of the 6th over - 0 runs, 0 hits, 0 errors, 2 left on base; So Cal 11 - Baffin Island 0
TOP OF THE 7TH
So Cal Bruins batting - Pitching for Baffin Island Beavers : RHP Lester Williams
Pitching: RHP Lester Williams
Pinch Hitting: RHB Pedro Mata 0-0: Ball
1-0: Ball
2-0: Called Strike
2-1: Foul Ball, location: 2F
2-2: Ball
3-2: SINGLE (Line Drive, 8LS)
Batting: RHB Lawrence Schroeder 0-0: Called Strike
0-1: Ball
Pedro Mata steals 2nd base
1-1: Ball
2-1: Called Strike
2-2: Fly out, F4 (Line Drive, 4M)
Batting: SHB Ken Hernández 0-0: Ball
1-0: Ground out 6-3 (Groundball, 6)
Batting: RHB Gerardo Escobedo 0-0: Ball
1-0: 2-RUN HOME RUN (Flyball, 7LD), Distance : 361 ft
Batting: LHB Sammy Marshall 0-0: Called Strike
0-1: Ball
1-1: Foul Ball, location: 2F
1-2: Fly out, F8 (Flyball, 8RM)
Top of the 7th over - 2 runs, 2 hits, 0 errors, 0 left on base; So Cal 13 - Baffin Island 0
BOTTOM OF THE 7TH
Baffin Island Beavers batting - Pitching for So Cal Bruins : RHP Marty Burgess
Now in CF: Pedro Mata
Batting: RHB Felipe Rivera 0-0: Ball
1-0: Ground out 6-3 (Groundball, 56)
Batting: RHB Pedro Molina 0-0: SINGLE (Groundball, 6MD)
Batting: RHB Jonathan MacVey 0-0: Ball
1-0: Called Strike
1-1: Foul Ball, location: 2F
1-2: Ball
2-2: Strikes out swinging
Pinch Hitting: RHB Alden Isenhood 0-0: Reached on error, E8 (Flyball, 8RD)
Pedro Molina to third
Pinch Hitting: RHB Tomás Díaz 0-0: Ball
1-0: Ball
2-0: Ground out 4-3 (Groundball, 4S)
Bottom of the 7th over - 0 runs, 1 hit, 1 error, 2 left on base; So Cal 13 - Baffin Island 0
TOP OF THE 8TH
So Cal Bruins batting - Pitching for Baffin Island Beavers : RHP Lester Williams
Now at 1B: Tomás Díaz
Now in LF: César Valentín
Batting: RHB Ricardo Guzmán 0-0: Ground out 1-3 (Groundball, P)
Batting: RHB Earl Wiggins 0-0: Ball
1-0: Ball
2-0: Called Strike
2-1: Ball
3-1: Base on Balls
Batting: RHB Eugene Gill 0-0: Called Strike
0-1: Swinging Strike
0-2: Ball
1-2: Strikes out swinging
Batting: RHB Rubén Calderón 0-0: Foul Ball, location: 2F
0-1: Called Strike
0-2: Strikes out swinging
Top of the 8th over - 0 runs, 0 hits, 0 errors, 1 left on base; So Cal 13 - Baffin Island 0
BOTTOM OF THE 8TH
Baffin Island Beavers batting - Pitching for So Cal Bruins : RHP Marty Burgess
Pitching: RHP Ron Moore
Batting: RHB Dave Craig 0-0: Ball
1-0: Ball
2-0: Ball
3-0: Base on Balls
Batting: LHB Lorenzo Villa 0-0: Foul Ball, location: 2F
0-1: Foul Ball, location: 2F
0-2: Fly out, F4 (Popup, 34)
Batting: RHB José García 0-0: Ball
1-0: Fielders Choice at 2nd, 3-6 (Groundball, 3)
Batting: LHB Howard Evans 0-0: Called Strike
0-1: Called Strike
0-2: Ball
1-2: 2-RUN HOME RUN (Flyball, 7D), Distance : 379 ft
Batting: RHB Felipe Rivera 0-0: Foul Ball, location: 2F
0-1: Ball
1-1: Called Strike
1-2: Fly out, F8 (Line Drive, 8RM)
Bottom of the 8th over - 2 runs, 1 hit, 0 errors, 0 left on base; So Cal 13 - Baffin Island 2
TOP OF THE 9TH
So Cal Bruins batting - Pitching for Baffin Island Beavers : RHP Lester Williams
Batting: RHB Pedro Mata 0-0: Ball
1-0: Ball
2-0: Called Strike
2-1: Called Strike
2-2: Ball
3-2: Fly out, F8 (Flyball, 8LD)
Batting: RHB Lawrence Schroeder 0-0: Ground out 5-3 (Groundball, 56)
Batting: SHB Ken Hernández 0-0: Foul Ball, location: 2F
0-1: Ball
1-1: Called Strike
1-2: Ball
2-2: SINGLE (Groundball, 6MD)
Batting: RHB Gerardo Escobedo 0-0: Ball
1-0: SINGLE (Flyball, 9LS)
Ken Hernández to second
Runner from 2nd tries for 3rd, SAFE, throw made to third
Batting: LHB Sammy Marshall 0-0: Ball
1-0: Ball
2-0: Foul Ball, location: 2F
2-1: Ball
3-1: Foul Ball, location: 2F
3-2: Fly out, F5 (Popup, 56S)
Top of the 9th over - 0 runs, 2 hits, 0 errors, 2 left on base; So Cal 13 - Baffin Island 2
BOTTOM OF THE 9TH
Baffin Island Beavers batting - Pitching for So Cal Bruins : RHP Ron Moore
Batting: RHB Pedro Molina 0-0: Ball
1-0: Swinging Strike
1-1: Ball
2-1: Ground out 6-3 (Groundball, 6)
Batting: RHB Jonathan MacVey 0-0: Ground out 1-3 (Groundball, 15S)
Batting: LHB César Valentín 0-0: SINGLE (Groundball, 34D)
Batting: RHB Tomás Díaz 0-0: Ball
1-0: Foul Ball, location: 2F
1-1: Ball
2-1: Ball
3-1: Called Strike
3-2: Ground out 5-3 (Groundball, 5S)
Bottom of the 9th over - 0 runs, 1 hit, 0 errors, 1 left on base; So Cal 13 - Baffin Island 2
Saturday, December 16th, 2017 - OOTP Baseball 18.8 Build 76